Map: Hecate LE

Players

Creator

  • Race: Protoss Protoss
  • Spawn Location: 7:00

DKZJieShi (Jieshi) - Winner!

  • Race: Protoss Protoss
  • League: Master
  • Spawn Location: 1:00

Event: IEM Katowice 2024

VOD

Have the link to the VOD?

Description

Time

  • Played on: Dec. 7, 2023, 2:13 p.m.
  • Length: 13:42

All games in this series

Show
View Real Time Build Order
Export as new Build Order

Creator Protoss 

Build Orders:  

Get SALT Encoding   

  12  0:00  Probe  
  13  0:12  Probe  
  14  0:16  Pylon  
  14  0:24  Probe (Chrono Boost)  
  16  0:36  Gateway, Probe (Chrono Boost)  
  16  0:43  Probe (Chrono Boost)  
  16  0:45  Assimilator  
  17  0:51  Probe  
  18  0:58  Assimilator  
  18  1:03  Probe (Chrono Boost)  
  19  1:07  Gateway  
  19  1:12  Probe (Chrono Boost)  
  19  1:17  Probe (Chrono Boost)  
  21  1:26  Cybernetics Core  
  21  1:29  Probe  
  22  1:35  Pylon  
  22  1:41  Probe  
  23  1:53  Probe  
  24  2:00  Warp Gate (Chrono Boost)  
  24  2:02  Stalker x2  
  28  2:17  Pylon  
  28  2:32  Stalker  
  28  2:34  Stalker  
  32  2:52  Nexus  
  32  3:04  Stalker x2  
  36  3:07  Probe  
  37  3:15  Shield Battery  
  37  3:23  Pylon  
  37  3:25  Probe  
  37  3:43  Stalker x2  
  37  3:45  Probe  
  42  3:56  Pylon  
  42  4:11  Adept x2  
  42  4:12  Probe  
  43  4:24  Twilight Council, Probe  
  43  4:29  Robotics Facility  
  40  4:32  Gateway  
  40  4:36  Sentry x2  
  40  4:40  Probe x2  
  42  5:02  Probe  
  42  5:03  Probe  
  42  5:05  Adept  
  42  5:06  Adept  
  44  5:15  Probe x2  
  44  5:16  Observer (Chrono Boost)  
  44  5:18  Gateway  
  47  5:27  Probe x2  
  49  5:34  Stalker x2  
  51  5:39  Probe x2  
  51  5:47  Immortal (Chrono Boost)  
  54  6:00  Pylon  
  54  6:12  Pylon  
  54  6:19  Shield Battery, Pylon  
  54  6:20  Sentry, Adept  
  54  6:21  Zealot  
  54  6:25  Warp Prism (Chrono Boost)  
  60  6:31  Probe x2 (Chrono Boost)  
  64  6:37  Twilight Council  
  64  6:43  Probe (Chrono Boost)  
  66  6:49  Probe (Chrono Boost)  
  66  6:50  Zealot  
  66  6:51  Stalker  
  66  6:52  Probe (Chrono Boost)  
  71  6:54  Observer, Assimilator  
  72  7:03  Forge  
  72  7:06  Stalker  
  74  7:14  Stalker x2  
  78  7:22  Pylon  
  78  7:23  Pylon  
  78  7:25  Pylon  
  78  7:27  Protoss Ground Weapons Level 1 (Chrono Boost)  
  78  7:29  Charge  
  78  7:40  Probe x2  
  80  7:44  Adept x3  
  86  7:55  Gateway  
  86  8:08  Observer  
  86  8:09  Stalker  
  86  8:10  Stalker x2  
  90  8:19  Nexus  
  86  8:27  Photon Cannon  
  86  8:32  Probe x2  
  88  8:35  Pylon  
  88  8:39  Templar Archives  
  88  8:40  Immortal (Chrono Boost)  
  88  8:47  Probe x2 (Chrono Boost)  
  94  8:52  Assimilator  
  94  8:58  Shield Battery, Probe (Chrono Boost)  
  94  8:59  Probe (Chrono Boost)  
  96  9:03  Probe x2 (Chrono Boost)  
  98  9:12  Gateway  
  96  9:22  Protoss Ground Weapons Level 2 (Chrono Boost), Gateway  
  96  9:32  Gateway x2  
  96  9:40  Zealot  
  96  9:41  Immortal (Chrono Boost)  
  96  9:52  Zealot x2  
  97  10:01  Probe x3  
  100  10:07  High Templar x2, Zealot  
  100  10:11  Archon  
  100  10:13  Probe x2  
  100  10:14  Probe  
  105  10:22  Zealot x3  
  109  10:28  High Templar x2  
  109  10:29  Zealot  
  109  10:31  Assimilator  
  109  10:32  Probe  
  109  10:34  Archon  
  116  10:40  Probe  
  117  10:43  Pylon  
  117  10:47  Pylon  
  117  10:48  Pylon  
  115  10:51  Observer  
  116  10:58  High Templar  
  116  10:59  High Templar, Zealot x2  
  124  11:05  Archon  
  124  11:06  Probe x3  
  124  11:07  Assimilator  
  127  11:12  Robotics Bay  
  127  11:14  Warp Prism (Chrono Boost)  
  129  11:19  Nexus, Pylon  
  128  11:27  Photon Cannon  
  128  11:32  Robotics Facility  
  128  11:33  Blink (Chrono Boost)  
  128  11:39  Probe x3  
  131  11:44  Pylon  
  131  11:47  Zealot x3  
  131  11:52  Zealot x2  
  131  11:53  Stalker  
  143  11:55  Stalker  
  143  12:00  Disruptor (Chrono Boost)  
  149  12:16  Shield Battery  
  149  12:17  Disruptor (Chrono Boost)  
  149  12:20  Nexus  
  153  12:29  Zealot x3  
  157  12:35  Disruptor (Chrono Boost)  
  156  12:42  Pylon  
  156  12:43  Pylon  
  154  12:44  Pylon  
  154  12:49  Zealot x5  
  138  12:53  Zealot  
  119  13:02  Stalker x2  
  87  13:15  Zealot x4  
  86  13:29  Zealot x3  
  71  13:35  Zealot x2  
  71  13:37  Zealot  
Show
View Real Time Build Order
Export as new Build Order

DKZJieShi Protoss - Winner!

Build Orders: Dark Templar Rush 

Get SALT Encoding   

  12  0:00  Probe  
  13  0:13  Probe  
  14  0:17  Pylon  
  14  0:25  Probe (Chrono Boost)  
  15  0:36  Gateway  
  15  0:37  Probe (Chrono Boost)  
  16  0:44  Probe (Chrono Boost)  
  16  0:46  Assimilator  
  17  0:51  Probe  
  17  0:56  Assimilator  
  18  1:03  Probe (Chrono Boost)  
  19  1:08  Gateway  
  19  1:12  Probe (Chrono Boost)  
  19  1:18  Probe (Chrono Boost)  
  20  1:24  Cybernetics Core  
  21  1:29  Probe  
  22  1:35  Pylon  
  22  1:42  Probe  
  23  1:54  Probe  
  24  2:00  Warp Gate  
  24  2:01  Stalker  
  25  2:12  Stargate  
  27  2:19  Pylon  
  27  2:21  Stalker  
  27  2:31  Twilight Council  
  27  2:32  Stalker  
  29  2:51  Stalker  
  31  3:07  Dark Shrine  
  31  3:10  Probe  
  32  3:19  Nexus  
  32  3:22  Probe  
  33  3:35  Pylon, Probe (Chrono Boost)  
  34  3:47  Probe (Chrono Boost)  
  35  3:50  Sentry  
  35  3:53  Probe (Chrono Boost)  
  38  4:00  Stalker  
  38  4:01  Probe  
  41  4:02  Pylon  
  41  4:13  Gateway  
  39  4:21  Dark Templar  
  39  4:24  Dark Templar  
  43  4:26  Probe  
  40  4:34  Probe (Chrono Boost)  
  42  4:38  Probe (Chrono Boost)  
  41  4:46  Probe (Chrono Boost)  
  41  4:48  Probe (Chrono Boost)  
  41  4:51  Probe (Chrono Boost)  
  39  4:53  Probe (Chrono Boost)  
  39  4:54  Dark Templar  
  39  4:59  Stalker  
  42  5:00  Probe  
  42  5:04  Probe  
  43  5:07  Shield Battery  
  43  5:15  Probe  
  43  5:16  Probe  
  43  5:18  Robotics Facility  
  45  5:23  Stalker  
  45  5:27  Adept  
  45  5:28  Probe (Chrono Boost)  
  48  5:33  Probe (Chrono Boost)  
  48  5:40  Probe (Chrono Boost)  
  49  5:48  Probe x2 (Chrono Boost)  
  49  5:54  Blink, Probe  
  50  5:57  Probe  
  50  6:03  Warp Prism (Chrono Boost)  
  51  6:06  Probe  
  54  6:14  Assimilator, Pylon  
  54  6:18  Stalker  
  54  6:19  Stalker  
  54  6:22  Pylon  
  58  6:32  Gateway  
  58  6:33  Observer (Chrono Boost)  
  58  6:35  Probe  
  60  6:40  Pylon  
  60  6:46  Immortal (Chrono Boost)  
  60  6:50  Stalker  
  60  6:54  Probe, Forge  
  66  6:58  Probe  
  68  7:05  Pylon  
  68  7:11  Nexus  
  66  7:17  Sentry  
  66  7:18  Stalker  
  70  7:25  Shield Battery  
  70  7:27  Shield Battery  
  70  7:30  Protoss Ground Weapons Level 1 (Chrono Boost)  
  70  7:34  Immortal (Chrono Boost)  
  74  7:42  Probe x2  
  74  7:48  Gateway  
  74  7:51  Stalker x3  
  70  8:18  Dark Templar, Stalker  
  70  8:19  Probe  
  74  8:20  Probe  
  75  8:30  Gateway, Probe  
  75  8:31  Gateway, Probe  
  75  8:32  Photon Cannon, Probe (Chrono Boost)  
  78  8:34  Immortal (Chrono Boost)  
  78  8:40  Charge  
  82  8:43  Probe (Chrono Boost)  
  85  8:49  Probe (Chrono Boost)  
  85  8:51  Probe (Chrono Boost)  
  85  8:53  Probe (Chrono Boost)  
  86  8:57  Probe x2 (Chrono Boost)  
  86  9:02  Gateway  
  88  9:04  Gateway  
  88  9:06  Photon Cannon, Pylon  
  88  9:18  Dark Templar x2, Zealot  
  88  9:19  Zealot  
  88  9:21  Pylon  
  88  9:22  Archon  
  96  9:27  Pylon  
  96  9:28  Dark Templar  
  98  9:57  Dark Templar, Zealot x2  
  98  9:58  Zealot x3  
  98  9:59  Immortal  
  112  10:00  Nexus  
  112  10:04  Photon Cannon, Shield Battery  
  112  10:05  Archon  
  112  10:09  Pylon  
  112  10:13  Zealot x2  
  112  10:27  Dark Templar x2, Zealot  
  112  10:28  Zealot x2  
  120  10:33  Zealot x3, Archon  
  120  10:35  Protoss Ground Weapons Level 2 (Chrono Boost), Pylon  
  126  10:38  Pylon, Probe x3  
  126  10:40  Pylon  
  129  10:57  Zealot x2  
  129  10:58  Zealot x2  
  133  11:06  Zealot x4  
  133  11:09  Probe  
  133  11:10  Probe x2  
  144  11:18  Dark Templar  
  144  11:19  Dark Templar, Zealot x2  
  144  11:23  Archon  
  153  11:32  Probe  
  153  11:33  Probe x2  
  153  11:35  Assimilator  
  153  11:38  Assimilator  
  155  11:43  Dark Templar, Zealot x4  
  155  11:44  Zealot  
  155  11:45  Probe  
  168  11:48  Immortal  
  170  11:54  Zealot  
  170  11:57  Pylon  
  170  11:58  Pylon  
  168  12:01  Robotics Bay  
  168  12:03  Probe, Pylon  
  169  12:12  Zealot  
  169  12:14  Pylon  
  169  12:15  Pylon  
  171  12:19  Observer  
  161  12:33  Stalker  
  161  12:34  Zealot x2  
  161  12:35  Zealot x5  
  126  12:51  Disruptor  
  126  12:54  Zealot x2  
  126  12:55  Zealot x3  
  126  12:56  Zealot x3  
  112  13:17  Dark Templar, Zealot x5  
  112  13:18  Zealot x2  
  94  13:38  Gateway  
  94  13:40  Gateway, Stalker x2  

Tags
 
Add a new tag
Caveats
  • Supply blocks, unpowered buildings, or Contaminate may cause inaccurate times.
  • Supply counts are checked every 10 seconds.